Cogmind - Beta 14 @@@ ROGUE MODE // 2025.01.19 @ 16:59:07 Player: Swagumen Result: Destroyed by Y-54 Guardian with Flak Gun Performance ------------- Evolutions (4) 2000 Regions Visited (8) 1600 Robots Destroyed (49) 245 Value Destroyed (1133) 1133 Prototype IDs (34) 680 Alien Tech Used (0) 0 Bonus (300) 300 TOTAL SCORE: 5958 Bonus ------- Aligned with FarCom 300 Cogmind --------- Core Integrity 0/850 Matter 300/300 Energy 86/100 System Corruption 27% Temperature Cool (12) Movement Core (50) Location -6/Extension Parts ------- > --- POWER (1) -------- (None) > --- PROPULSION (5) --- (None) > --- UTILITY (7) ------ Terrain Scan Processor Hacking Suite > --- WEAPON (2) ------- (None) > --- INVENTORY (5) ---- Hardened Medium Armor Plating Plasma Rifle Plasma Cannon Plasma Cannon Chainsword Peak State ------------ > --- POWER ------------ Light Deuterium Engine > --- PROPULSION ------- Improved VTOL Module Improved VTOL Module Improved VTOL Module Improved VTOL Module Improved VTOL Module > --- UTILITY ---------- Medium Storage Unit Improved Terrain Scanner Terrain Scan Processor Hacking Suite Hacking Suite System Shield Trap Reconfigurator > --- WEAPON ----------- Cooled Pulse Rifle Heavy Hammer > --- INVENTORY -------- Light Nuclear Core Improved Flight Unit Cooled Cesium-ion Thruster Enhanced Optical Array Hardened Medium Armor Plating Improved Medium Armor Plating Wave Gun Plasma Cannon Enhanced Coil Gun Grenade Launcher [Rating: 58] Favorites ----------- Power Light Ion Engine Engine Light Ion Engine Power Core Light Nuclear Core Propulsion Improved VTOL Module Treads Light Treads Flight Unit Improved VTOL Module Utility Hacking Suite Device Seismic Detector Storage Medium Storage Unit Processor Terrain Scan Processor Hackware Hacking Suite Protection Hardened Medium Armor Plating Weapon Heavy Hammer Energy Gun Beam Rifle Ballistic Gun Enhanced Autogun Ballistic Cannon Bore Cannon Launcher Grenade Launcher Impact Weapon Heavy Hammer Slashing Weapon Chainsword Build | -11 -10 -10 -10 -9 -8 -7 -6 -6 ------- Run | Yrd Mat Min Exi Min Mat Fac Fac Ext Slots Evolved 8 | . . . . . 4 2 2 . Power . | . . . . . . . . . Propulsion 3 | . . . . . 1 1 1 . Utility 5 | . . . . . 3 1 1 . Weapon . | . . . . . . . . . Parts Attached 102 | 7 6 11 . . 38 12 14 14 Power 18 | 1 1 2 . . 4 1 5 4 Engine 15 | 1 1 2 . . 2 . 5 4 Core 3 | . . . . . 2 1 . . Reactor . | . . . . . . . . . Propulsion 19 | 2 . 2 . . 5 4 2 4 Treads 8 | 2 . 2 . . 4 . . . Leg . | . . . . . . . . . Wheel . | . . . . . . . . . Hover . | . . . . . . . . . Flight 11 | . . . . . 1 4 2 4 Utility 33 | 2 . 2 . . 16 4 5 4 Device 18 | 1 . 2 . . 9 2 1 3 Storage 2 | 1 . . . . 1 . . . Processor 4 | . . . . . 1 . 2 1 Hackware 3 | . . . . . 1 1 1 . Protection 6 | . . . . . 4 1 1 . Artifact . | . . . . . . . . . Weapon 32 | 2 5 5 . . 13 3 2 2 Energy Gun 7 | 1 3 2 . . . . 1 . Energy Cannon . | . . . . . . . . . Ballistic Gun 3 | 1 . . . . 2 . . . Ballistic Cannon 9 | . . 1 . . 6 2 . . Launcher 5 | . 2 1 . . 1 . 1 . Special Weapon . | . . . . . . . . . Impact Weapon 6 | . . 1 . . 4 1 . . Slashing Weapon 2 | . . . . . . . . 2 Piercing Weapon . | . . . . . . . . . Special Melee Weapon . | . . . . . . . . . Unidentified Prototypes 6 | . . . . . 4 . 1 1 Parts Lost 30 | . . 6 . . 5 . 7 12 Power 5 | . . 2 . . 1 . . 2 Propulsion 11 | . . 2 . . 1 . 2 6 Utility 10 | . . . . . 3 . 4 3 Weapon 4 | . . 2 . . . . 1 1 Highest Loss Streak 11 | . . 3 . . 4 . 5 11 To Critical Strikes . | . . . . . . . . . Average Slot Usage (%) 84 | . 100 74 85 85 88 96 87 71 Engine 7 | . 14 8 14 14 6 . 6 5 Core 1 | . . . . . 2 7 . . Treads 12 | . 28 15 14 14 19 . . . Flight 10 | . . . . . . 30 31 30 Device 12 | . 14 14 14 14 16 9 6 5 Storage 10 | . 14 14 14 14 9 7 6 6 Processor 3 | . . . . . 5 7 8 . Hackware 5 | . . . . . 4 8 18 12 Protection 2 | . . . . . 6 9 . . Energy Gun 5 | . 22 9 14 14 1 . . . Ballistic Cannon 6 | . . 7 14 14 10 5 . . Impact Weapon 3 | . . 5 . . 4 6 6 1 Peak Build Rating 58 | 7 8 11 12 12 36 50 58 52 Average Rating 25 | 5 7 8 11 12 26 46 49 41 On Entrance 18 | . 7 8 11 12 12 36 45 31 Naked Turns . | . . . . . . . . . Heaviest Build 42 | 12 17 21 21 21 42 40 30 28 Greatest Support 62 | 40 40 40 20 20 62 20 25 29 Greatest Overweight (x) 3 | . . 3 1 1 1 1 1 2 Average Overweight (x) . | . . . 1 1 . . . . Largest Inventory Capacity 10 | 8 8 8 8 8 10 10 10 10 Average Capacity 9 | 7 8 8 8 8 9 10 10 9 Most Carried 10 | 5 8 8 8 8 10 10 10 10 Average Carried 7 | . 6 6 7 8 9 6 9 9 Final Capacity 10 | 8 8 8 8 8 10 10 10 5 Final Carried 10 | 1 8 7 8 8 10 10 8 5 Class Distribution -------------------- 29% | Scavenger-Mutant 25% | Mutant 12% | Hacker-Scout 11% | Assassin 5% | Hacker-Sprinter 5% | Scavenger-Skirmisher 4% | Skirmisher 3% | Hacker-Mutant Dominant Class ---------------- Mutant | -10/Materials Scavenger-Mutant | -10/Mines Scavenger-Mutant | -10/Exiles Scavenger-Mutant | -9/Mines Assassin | -8/Materials Mutant | -7/Factory Hacker-Sprinter | -6/Factory Hacker-Scout | -6/Extension Resources | -11 -10 -10 -10 -9 -8 -7 -6 -6 ----------- Run | Yrd Mat Min Exi Min Mat Fac Fac Ext Matter Collected 1768 | 155 143 226 . . 743 86 89 326 Remotely 119 | . . . . . 119 . . . Salvage Created 1728 | 15 197 213 . . 736 48 89 430 Parts 87 | 4 21 12 . . 34 2 4 10 Haulers Intercepted 7 | . 2 . . . 2 1 . 2 Recyclers Shooed . | . . . . . . . . . Parts Field Recycled . | . . . . . . . . . Retrieved Matter . | . . . . . . . . . Parts Self-Destructed . | . . . . . . . . . Prevented . | . . . . . . . . . Kills | -11 -10 -10 -10 -9 -8 -7 -6 -6 ------- Run | Yrd Mat Min Exi Min Mat Fac Fac Ext Combat Hostiles Destroyed 25 | . 5 6 . . 13 1 . . Melee 4 | . . . . . 4 . . . Guns 10 | . 2 4 . . 4 . . . Cannons 6 | . . 1 . . 4 1 . . AOE 4 | . 3 1 . . . . . . Classes Destroyed 13 | 1 4 4 . . 2 1 . 1 Worker 5 | . . 2 . . 3 . . . Builder 5 | . . 1 . . 3 . . 1 Tunneler 1 | 1 . . . . . . . . Hauler 7 | . 2 . . . 2 1 . 2 Recycler 2 | . . . . . . . . 2 Operator 1 | . . . . . 1 . . . Watcher 4 | . 1 . . . . . 3 . Swarmer 6 | . 3 3 . . . . . . Grunt 12 | . 2 . . . 10 . . . Sentry 4 | . . 2 . . 2 . . . Hunter 1 | . . . . . 1 . . . Programmer 1 | . . . . . . 1 . . Assembled 1 | . . 1 . . . . . . Best Kill Streak 7 | 1 3 3 . . 7 1 2 2 Combat Bots Only 5 | . 3 3 . . 5 1 . . Max Kills in Single Turn 2 | 1 2 1 . . 2 1 1 1 Gunslinging . | . . . . . . . . . Exploded 2 | . 2 1 . . . . . . Melee 1 | . . . . . 1 . . . Uniques/NPCs Destroyed . | . . . . . . . . . Combat | -11 -10 -10 -10 -9 -8 -7 -6 -6 -------- Run | Yrd Mat Min Exi Min Mat Fac Fac Ext Hostile Shots Fired 371 | . 13 62 . . 115 16 2 163 Missed 108 | . 2 12 . . 20 5 . 69 Damage Taken 4784 | . 119 993 . . 1734 167 549 1222 Core 1402 | . 18 216 . . 299 14 67 788 Absorbed by Shields . | . . . . . . . . . Regen/Repaired (Parts) 200 | . . . . . . 185 15 . Core Remaining (%) 62 | 100 . . . 6 45 98 . . Volleys Fired 95 | 2 21 18 . . 43 9 2 . Largest 2 | 2 2 2 . . 2 2 1 . Hottest 121 | 60 105 121 . . 101 96 30 . Shots Fired 176 | 4 35 32 . . 85 18 2 . Gun 75 | 4 28 21 . . 22 . . . Cannon 91 | . . 10 . . 63 18 . . Launcher 10 | . 7 1 . . . . 2 . Special . | . . . . . . . . . Kinetic 117 | 2 2 10 . . 85 18 . . Thermal 49 | 2 26 21 . . . . . . Explosive 10 | . 7 1 . . . . 2 . Electromagnetic . | . . . . . . . . . Robot Hit Streak 5 | 2 4 4 . . 5 4 . . Robot Miss Streak 4 | 1 3 4 . . 4 2 . . Penetration Max . | . . . . . . . . . Secondary Targets . | . . . . . . . . . Shots Hit Robots 117 | 2 16 18 . . 53 12 6 10 Core Hits 62 | 1 15 9 . . 30 2 1 4 Critical Kills 4 | . . . . . 4 . . . Critical Parts Destroyed 8 | . . 3 . . 5 . . . Critical Strikes 15 | . . 3 . . 11 1 . . Destroy 6 | . . 1 . . 5 . . . Blast 3 | . . . . . 2 1 . . Smash 6 | . . 2 . . 4 . . . Melee Attacks 140 | . . 5 . . 27 9 70 29 Impact 112 | . . 5 . . 27 9 70 1 Slashing 28 | . . . . . . . . 28 Piercing . | . . . . . . . . . Sneak Attacks 11 | . . 3 . . 1 1 1 5 Combat Hostiles . | . . . . . . . . . Follow-up Attacks . | . . . . . . . . . Damage Inflicted 3733 | 24 383 499 . . 1412 473 297 645 Guns 673 | 24 202 176 . . 271 . . . Cannons 1215 | . . 26 . . 813 376 . . Explosions 251 | . 181 70 . . . . . . Melee 1594 | . . 227 . . 328 97 297 645 Ramming . | . . . . . . . . . Kinetic 1511 | 14 11 26 . . 1084 376 . . Thermal 377 | 10 191 176 . . . . . . Explosive 251 | . 181 70 . . . . . . Electromagnetic . | . . . . . . . . . Impact 1068 | . . 227 . . 328 97 297 119 Slashing 526 | . . . . . . . . 526 Piercing . | . . . . . . . . . Highest Corruption 27 | . . . . . . 1 27 27 Average Corruption 21 | . . . . . . 1 21 27 Corruption Purged . | . . . . . . . . . Corruption Blocked . | . . . . . . . . . Effects 35 | . . . . . . . 7 28 Message Errors 6 | . . . . . . . 2 4 Matter Fused 12 | . . . . . . . 2 10 Heat Flow Errors 2 | . . . . . . . 1 1 Energy Discharges 7 | . . . . . . . . 7 Data Loss (minor) 4 | . . . . . . . 1 3 Data Loss (major) 2 | . . . . . . . . 2 Alerts 1 | . . . . . . . 1 . Misdirections 1 | . . . . . . . . 1 Overload Shots . | . . . . . . . . . Overflow Damage 471 | . 8 129 . . 165 42 68 59 Projectiles 42 | . . . . . . 42 . . Explosions 8 | . 8 . . . . . . . Melee 421 | . . 129 . . 165 . 68 59 Knockbacks 22 | . . 4 . . 11 4 2 1 Impact 7 | . . 3 . . 1 . 2 1 Kinetic 15 | . . 1 . . 10 4 . . Secondary . | . . . . . . . . . Self-Inflicted Damage 19 | . 12 7 . . . . . . Shots 2 | . 1 1 . . . . . . Rammed . | . . . . . . . . . Targets Rammed . | . . . . . . . . . Kicked . | . . . . . . . . . Crushed . | . . . . . . . . . Highest Temperature 380 | . 186 380 . . 341 297 169 146 Average Temperature 103 | . 61 116 . . 112 149 92 49 Received Heat Transfer 1089 | . 30 90 . . 693 . . 276 Effects 4 | . . 2 . . 2 . . . Energy Bleed 1 | . . . . . 1 . . . Interference 3 | . . 2 . . 1 . . . Siege Activations . | . . . . . . . . . Robots Corrupted 8 | . . 3 . . 2 . 2 1 Combat Hostiles 1 | . . . . . 1 . . . Parts Fried 10 | . . 4 . . . . 5 1 Impact Corruptions 17 | . . 6 . . 5 . 4 2 Robots Melted . | . . . . . . . . . Combat Hostiles . | . . . . . . . . . Parts Melted 1 | . . 1 . . . . . . Heat Transferred 880 | 25 435 420 . . . . . . Parts Sabotaged . | . . . . . . . . . Parts Stolen . | . . . . . . . . . Parts Stripped . | . . . . . . . . . Power Chain Reactions . | . . . . . . . . . Alert | -11 -10 -10 -10 -9 -8 -7 -6 -6 ------- Run | Yrd Mat Min Exi Min Mat Fac Fac Ext Peak Influence 219 | 5 219 77 . . 181 52 163 192 Initial 42 | . 3 21 . . . 42 25 39 Average 51 | 2 105 22 . . 53 42 63 74 Maximum Alert Level 1 | . 1 . . . . . . . Low Security (%) 99 | 100 93 100 . 100 100 100 100 100 Level 1 . | . 6 . . . . . . . Level 2 . | . . . . . . . . . Level 3 . | . . . . . . . . . Level 4 . | . . . . . . . . . Level 5 . | . . . . . . . . . High Security . | . . . . . . . . . Max Security . | . . . . . . . . . Squads Dispatched 11 | . 2 . . . 4 2 . 3 Investigation 5 | . 1 . . . . 1 . 3 Extermination 1 | . . . . . . 1 . . Reinforcement 2 | . 1 . . . 1 . . . Assault . | . . . . . . . . . Garrison 3 | . . . . . 3 . . . Intercept . | . . . . . . . . . Searches Triggered . | . . . . . . . . . Construction Impeded . | . . . . . . . . . Haulers Reinforced . | . . . . . . . . . Active Scanning Responses . | . . . . . . . . . Cargo Convoy Interrupts . | . . . . . . . . . Stealth | -11 -10 -10 -10 -9 -8 -7 -6 -6 --------- Run | Yrd Mat Min Exi Min Mat Fac Fac Ext Distress Signals 5 | . 1 . . . 3 . 1 . Communications Jammed . | . . . . . . . . . Distress Signals . | . . . . . . . . . Times Spotted 79 | . 10 16 . . 20 1 14 18 Peak Tracking Total 10 | . 3 10 . . 7 1 5 7 Tactical Retreats 11 | . 1 . . . 1 . 2 7 Traps | -11 -10 -10 -10 -9 -8 -7 -6 -6 ------- Run | Yrd Mat Min Exi Min Mat Fac Fac Ext Traps Triggered 3 | . . . . . 1 . 1 1 Indirectly . | . . . . . . . . . Trap Hack Attempts . | . . . . . . . . . Triggered . | . . . . . . . . . Disarmed . | . . . . . . . . . Reprogrammed . | . . . . . . . . . Reused 1 | . . . . . 1 . . . Traps Reconfigurated 11 | . . . . . 9 2 . . Traps Extracted . | . . . . . . . . . Installed . | . . . . . . . . . Triggered 1 | . . . . . 1 . . . Machines | -11 -10 -10 -10 -9 -8 -7 -6 -6 ---------- Run | Yrd Mat Min Exi Min Mat Fac Fac Ext Machines Disabled 3 | . 1 1 . . . 1 . . Max in Single Turn 1 | . 1 1 . . . 1 . . Machines Repaired . | . . . . . . . . . Machines Dismantled . | . . . . . . . . . Machines Sabotaged . | . . . . . . . . . Overloaded Fab Kills . | . . . . . . . . . Hacking | -11 -10 -10 -10 -9 -8 -7 -6 -6 --------- Run | Yrd Mat Min Exi Min Mat Fac Fac Ext Machines Accessed 30 | . 2 . 1 . 5 7 8 7 Terminals 17 | . 2 . . . 4 3 2 6 Fabricators 2 | . . . . . . 1 1 . Repair Stations 2 | . . . . . . 1 1 . Recycling Units 4 | . . . . . . 1 2 1 Scanalyzers 3 | . . . . . 1 1 1 . Garrison Access 1 | . . . . . . . 1 . Total Hacks 87 | . 5 . 1 . 18 13 32 18 Successful 43 | . 2 . 1 . 6 10 20 4 Failed 42 | . 2 . . . 12 3 12 13 Catastrophic 5 | . . . . . 2 . 1 2 Database Lockouts 2 | . 1 . . . . . . 1 Manual 23 | . 2 . 1 . 9 3 6 2 Terminals 46 | . 5 . . . 11 3 10 17 Fabricators 3 | . . . . . . 2 1 . Repair Stations 5 | . . . . . . 2 3 . Recycling Units 18 | . . . . . . 4 13 1 Scanalyzers 11 | . . . . . 7 2 2 . Garrison Access 3 | . . . . . . . 3 . Terminal Hacks 16 | . 2 . 1 . 3 . 7 3 Record 3 | . . . . . . . 3 . Part Schematic 6 | . . . . . 1 . 4 1 Robot Analysis 1 | . 1 . . . . . . . Prototype ID Bank 2 | . 1 . . . 1 . . . Open Door 1 | . . . . . . . . 1 Unreport Threat 1 | . . . . . . . . 1 Locate Traps 1 | . . . . . 1 . . . Derelict Proto ID Bank 1 | . . . 1 . . . . . Fabricator Hacks 3 | . . . . . . 2 1 . Load Schematic 1 | . . . . . . 1 . . Build 2 | . . . . . . 1 1 . Repair Station Hacks 4 | . . . . . . 2 2 . Scan Component 2 | . . . . . . 1 1 . Repair 2 | . . . . . . 1 1 . Recycling Unit Hacks 14 | . . . . . . 4 9 1 Recycle Component 3 | . . . . . . . 3 . Process 2 | . . . . . . 1 1 . Report Inventory 5 | . . . . . . 1 3 1 Retrieve Matter 3 | . . . . . . 2 1 . Retrieve Components 1 | . . . . . . . 1 . Scanalyzer 6 | . . . . . 3 2 1 . Insert Component 4 | . . . . . 2 1 1 . Analyze 2 | . . . . . 1 1 . . Garrison Access Hacks . | . . . . . . . . . Unauthorized Hacks . | . . . . . . . . . Terminals . | . . . . . . . . . Fabricators . | . . . . . . . . . Repair Stations . | . . . . . . . . . Recycling Units . | . . . . . . . . . Scanalyzers . | . . . . . . . . . Garrison Access . | . . . . . . . . . Data Cores Recovered . | . . . . . . . . . Used . | . . . . . . . . . Hacking Detections 23 | . 1 . . . 5 5 7 5 Full Trace Events 5 | . 1 . . . . 1 . 3 Feedback Events . | . . . . . . . . . Feedback Blocked . | . . . . . . . . . Robot Schematics Acquired . | . . . . . . . . . Robots Built . | . . . . . . . . . Authchips . | . . . . . . . . . Time . | . . . . . . . . . Total Robot Build Rating . | . . . . . . . . . Part Schematics Acquired 8 | . . . . . 2 1 4 1 Parts Built 3 | . . . . . . 1 2 . Authchips . | . . . . . . . . . Time 104 | . . . . . . 73 31 . Total Part Build Rating 13 | . . . . . . 3 10 . Parts Repaired 2 | . . . . . . 1 1 . Time 45 | . . . . . . 19 26 . Parts Recycled 3 | . . . . . . . 3 . Recycled Matter 151 | . . . . . . 30 121 . Retrieved Matter 151 | . . . . . . 30 121 . Retrieved Components 3 | . . . . . . . 3 . Parts Scanalyzed 4 | . . . . . 2 1 1 . Part Schematics Acquired 2 | . . . . . 1 1 . . Parts Damaged 3 | . . . . . 2 . 1 . Bothacking | -11 -10 -10 -10 -9 -8 -7 -6 -6 ------------ Run | Yrd Mat Min Exi Min Mat Fac Fac Ext Used RIF Installer . | . . . . . . . . . Robots Hacked . | . . . . . . . . . Non-combat . | . . . . . . . . . Combat . | . . . . . . . . . Robot Hacks Applied . | . . . . . . . . . Relay Couplers Released . | . . . . . . . . . Fabnet Peak Effective % . | . . . . . . . . . Robots Rewired . | . . . . . . . . . Allies Hacked . | . . . . . . . . . Hacks Repelled . | . . . . . . . . . Allies | -11 -10 -10 -10 -9 -8 -7 -6 -6 -------- Run | Yrd Mat Min Exi Min Mat Fac Fac Ext Total Allies 1 | . . . . . . . . 1 Largest Group 1 | . . . . . . . . 1 Highest-Rated Group 20 | . . . . . . . . 20 Highest-Rated Ally 20 | . . . . . . . . 20 Total Orders . | . . . . . . . . . Ally Attacks . | . . . . . . . . . Total Damage . | . . . . . . . . . Kills . | . . . . . . . . . Allies Corrupted . | . . . . . . . . . Allies Melted 1 | . . . . . . . . 1 Intel | -11 -10 -10 -10 -9 -8 -7 -6 -6 ------- Run | Yrd Mat Min Exi Min Mat Fac Fac Ext Robot Analysis Total 1 | . 1 . . . . . . . Derelict Logs Recovered 2 | . . 2 . . . . . . Drone Launches . | . . . . . . . . . Drone Recoveries . | . . . . . . . . . Exploration | -11 -10 -10 -10 -9 -8 -7 -6 -6 ------------- Run | Yrd Mat Min Exi Min Mat Fac Fac Ext Turns Passed 5866 | 82 503 1311 501 96 1437 583 773 580 Spaces Moved 4438 | 45 245 621 209 41 627 501 861 1288 Core 34 | 9 . 9 . . . . . 16 Treads 1770 | 36 245 612 209 41 627 . . . Legs . | . . . . . . . . . Wheels . | . . . . . . . . . Hover . | . . . . . . . . . Flight 2634 | . . . . . . 501 861 1272 Fastest Speed 23 | 50 160 150 240 240 157 26 23 23 Average Speed 99 | 138 160 195 240 240 164 86 40 26 Slowest Speed 240 | 160 160 240 240 240 240 96 99 150 Overloaded Moves . | . . . . . . . . . Propulsion Burnouts . | . . . . . . . . . Robots Hopped 2 | . . . . . . . . 2 Cave-ins Triggered 5 | . . . . . 1 . 4 . Exploration Rate (%) 34 | 4 31 76 60 10 47 8 20 53 Regions Visited 8 Branch Regions 4 Pre-discovered Areas 1 | . . 1 . . . . . . Known Exits Taken 1 | . . 1 . . . . . . Unknown Exits Taken 7 | 1 1 . 1 1 1 1 1 . Scrap Searched 3 | . . 3 . . . . . . Spaces Dug 102 | . 17 8 . . 14 7 46 10 Terrain Destroyed 174 | . 43 12 . . 38 7 64 10 Melee 76 | . . . . . 13 7 46 10 Projectile 29 | . . 4 . . 25 . . . AOE 69 | . 43 8 . . . . 18 . Terrain Rammed . | . . . . . . . . . Walls Destroyed . | . . . . . . . . . Machines Disabled . | . . . . . . . . . Actions | -11 -10 -10 -10 -9 -8 -7 -6 -6 --------- Run | Yrd Mat Min Exi Min Mat Fac Fac Ext Total 5468 | 61 320 681 209 40 909 615 1159 1474 Wait 568 | . 39 19 . . 130 71 182 127 Move 4425 | 44 244 620 208 40 626 500 859 1284 Hop 2 | . . . . . . . . 2 Pick Up 63 | 8 8 4 1 . 22 7 9 4 Fast Attach 15 | . . 1 . . 9 . 2 3 Attach 34 | 7 . 5 . . 9 3 5 5 Detach 9 | . . 1 . . 2 2 2 2 Swap 53 | . 6 5 . . 20 9 7 6 Drop 37 | . 2 3 . . 21 5 5 1 Fire 95 | 2 21 18 . . 43 9 2 . Melee 140 | . . 5 . . 27 9 70 29 Ram . | . . . . . . . . . Kick . | . . . . . . . . . Crush . | . . . . . . . . . Escape Stasis 27 | . . . . . . . 16 11 Rewire . | . . . . . . . . . Trap . | . . . . . . . . . Miscellaneous . | . . . . . . . . . Route ------- -11/Scrapyard -10/Materials (discovered 2 exits: [*Mat] / [*Min]) -10/Mines (discovered 4 exits: [*Mat x2] / *Exi / Sub) -10/Exiles -9/Mines -8/Materials -7/Factory -6/Factory -6/Extension History --------- Turn | Location | Event 3 | -11/Scrapyard | Discovered new exit (range 15) 83 | -11/Scrapyard | Entered Materials 219 | -10/Materials | Central database locked down 314 | -10/Materials | Discovered new exit (range 10) 333 | -10/Materials | Build established: Mutant 461 | -10/Materials | Discovered new exit (range 6) 586 | -10/Materials | Entered Mines 655 | -10/Mines | Assembled infested the area 660 | -10/Mines | Assisted by a Guerilla fighting off Assembled 711 | -10/Mines | Lost 3 parts (1p2w) 719 | -10/Mines | Core integrity fell below 50% 753 | -10/Mines | Lost 3 parts (1p2n) 866 | -10/Mines | Discovered new exit (range 13) 950 | -10/Mines | Learned location of Storage (-7) 951 | -10/Mines | Discovered new exit (range 6) 1198 | -10/Mines | Core integrity fell below 20% 1482 | -10/Mines | Identified exit to Subcaves 1493 | -10/Mines | Build established: Scavenger-Mutant 1744 | -10/Mines | Identified exit to Exiles 1888 | -10/Mines | Deemed a non-threat by the Exiles lab entrance 1897 | -10/Mines | Entered Exiles 1955 | -10/Exiles | Met 8R-AWN 1996 | -10/Exiles | Met EX-HEX 2063 | -10/Exiles | Met EX-BIN 2092 | -10/Exiles | Aligned with FarCom system 2094 | -10/Exiles | Given EX-Vault access code 2157 | -10/Exiles | Opened EX-Vault 2169 | -10/Exiles | Found Trap Reconfigurator 2215 | -10/Exiles | Warned to stay clear of 0b10 Research branches 2287 | -10/Exiles | Met EX-DEC 2369 | -10/Exiles | Discovered new exit (range 14) 2398 | -10/Exiles | Left Exiles lab with Trap Reconfigurator 2398 | -10/Exiles | Entered Mines 2468 | -9/Mines | Discovered new exit (range 6) 2494 | -9/Mines | Entered Materials 2494 | -8/Materials | Evolved 4 slots: Propulsion x1, Utility x3 2713 | -8/Materials | Crushed by falling debris 2818 | -8/Materials | Lost 4 parts (1p1n2u) 3499 | -8/Materials | Build established: Assassin 3528 | -8/Materials | Garrison activated, responded to threat 3534 | -8/Materials | Core integrity fell below 50% 3811 | -8/Materials | Discovered new exit (range 14) 3931 | -8/Materials | Entered Factory 3931 | -7/Factory | Evolved 2 slots: Propulsion x1, Utility x1 4208 | -7/Factory | Fabricated Hacking Suite? 4230 | -7/Factory | Build established: Mutant 4471 | -7/Factory | Discovered new exit (range 5) 4508 | -7/Factory | Repaired Hrd. Medium Armor Plating 4514 | -7/Factory | Entered another Factory area 4514 | -6/Factory | Evolved 2 slots: Propulsion x1, Utility x1 4744 | -6/Factory | Fabricated EM Disruption Field (x2) 5017 | -6/Factory | Repaired Broken Imp. Terrain Scanner 5144 | -6/Factory | Crushed by falling debris 5144 | -6/Factory | System corruption reached 10% 5161 | -6/Factory | Crushed by falling debris 5192 | -6/Factory | Lost 5 parts (1n3u1w) 5210 | -6/Factory | Crushed by falling debris 5223 | -6/Factory | Crushed by falling debris 5269 | -6/Factory | Discovered new exit (range 5) 5287 | -6/Factory | Entered Extension 5398 | -6/Extension | Central database locked down 5407 | -6/Extension | Spotted B-75 Beast 5478 | -6/Extension | Rescued a captive Derelict 5664 | -6/Extension | Build established: Hacker-Scout 5837 | -6/Extension | Disrupted transfer network 5844 | -6/Extension | Spotted B-75 Beast 5857 | -6/Extension | Core integrity fell below 50% 5864 | -6/Extension | Core integrity fell below 20% 5867 | -6/Extension | Destroyed by Y-54 Guardian with Flak Gun Last Messages --------------- 05850_ Hacking Suite destroyed. 05850_ Imp. VTOL Module destroyed. 05852_ Angular Momentum Engine destroyed. 05853_ R-10 Processor collects Wheel. 05853_ Knocked back. 05855_ Connecting with Door Terminal... 05855_ ALERT: Suspicious activity at Terminal E001. Dispatching Investigation squad. 05855_ Knocked back. [Achievement: Party Time] 05857_ R-10 Processor collects Terrain Scanner. 05858_ Lgt. Deuterium Engine destroyed. 05859_ Door Terminal disabled. 05861_ U-05 Engineer builds a Wall. 05862_ R-10 Processor collects Structural Scanner. 05862_ Adv. Weight Redist. System destroyed. 05862_ Phasing Sabre destroyed. 05863_ Dropped Med. Storage Unit. 05866_ U-05 Engineer builds a Wall. Map ----- +----------------------------------------------------+ | ##"### #??# #???????????????????????????????????? | | #### ## #??# #???????????????????????????????????? | | ???##"# ##?# #???????????????????????????????????? | | ????## #?# #?????#?????????????????????????????? | | ?????# #?# #???????????????????????????????????? | | ?????# ### #???????????????????????????????????? | | ?????####"## #???#???#???????????????????????????? | | ????????#### #????????? ?????????????????????????? | | ???????????# #???????????????????????????????????? | | ???????????# #???????????????????????????????????? | | ?#?????????# #?#?????????????????????????????????? | | ???????????# #????????# ?#???????????????????????? | | ???????????# #????????# ?????????????????????????? | | #??????????# #?#??#???#w?????????????????????????? | | ??????#????#w#?######?# ?????????????????????????? | | ?????????### ### ## ### ###??????????????????????? | | ?????????# " " "" ""#??????????????????????? | | ?????????# " " " #??????????????????????? | | ?????????# Y #??????????????????????? | | ########## #??????????????????????? | | ######"#"# #############??????????? | | Y ?????????? | | ?????????? | | ????????? | | | uw u ????????? | | % R k% @Rk k t k ????????? | | ########## BB ########???????????????? | | ???#?????# BB BB ; #????????????????????? | | #???????##% BB ###????????????????????? | | ????????#" !/ #??????????????????????? | | ????????## %u %[!! #??????????????????????? | | ?????????###### #"""####;##??????????????????????? | | ????????????#####???????##???????????????????????? | | ??#??????????????????????????????????????????????? | | | | | | | | | | | | | | | | | | | | | | | | | | | | | | | | | +----------------------------------------------------+ Best States ------------- Heat Dissipation 45 Energy Generation 18 Energy Capacity 300 Matter Stores 300 Matter Capacity 300 Sight Range 22 Terrain Scan Range 16 Terrain Scan Density 210 Additional Mass Support 9 Armor Coverage 450 Evasion (%) 65 Recoil Reduction 3 Offensive Hacking 20 Defensive Hacking 10 Item Schematics ----------------- Hacking Suite | -8/Materials | Hacked Imp. VTOL Module | -8/Materials | Scanalyzed Adv. Assault Cannon | -7/Factory | Scanalyzed Angular Momentum Engine | -6/Factory | Hacked Blade Saw | -6/Factory | Hacked Carbide Saw | -6/Factory | Hacked Imp. Terrain Scanner | -6/Factory | Hacked Imp. Surge Thruster | -6/Extension | Hacked Robot Schematics ------------------ None Fabricated ------------ Hacking Suite | x1 | -7/Factory EM Disruption Field | x2 | -6/Factory | Preloaded Alien Tech Used ----------------- None Achievements -------------- Party Time Use The Force Challenges ------------ None Game ------ Seed HackingForceFragment Manual? 0 Play Time 01:16:47 Cumulative 13.2 hours Start 2025.01.19 @ 15:45:25 End 2025.01.19 @ 16:59:07 Sessions 1 Manual Loads 0 Difficulty Rogue Special Mode None Game No. 20 Rogue 20 Adventurer 0 Explorer 0 Win Type - Total 0 Types 0/0/0/0/0/0/0/0/0 Lore% 9 Gallery% 18 Achievement% 19 Wizard Run 0 Options --------- Layout 1 ASCII 0 Keyboard 0 Movement Mouse Keybinds 0 Fullscreen 0 Font 24/Smallcaps Map View 50x35 Zoom Use 0% Tactical HUD 1 Map Filters NONE Filters NONE Steam 1 RUN: f8380515-63a4-44fb-b494-9a8c4079d75a